 Dungeon Crawl Stone Soup version 0.30-a0-137-gd8773701ce (webtiles) character file.

Game seed: 5684573830698915784

71 enile the Vexing (level 4, 0/33 HPs)
             Began as a Formicid Hexslinger on Sept 22, 2022.
             Succumbed to an adder's poison
             ... on level 2 of the Dungeon.
             The game lasted 00:03:46 (2587 turns).

enile the Vexing (Formicid Hexslinger)              Turns: 2587, Time: 00:03:47

Health: 0/33       AC:  2    Str: 14    XL:     4   Next: 47%
Magic:  1/8        EV: 12    Int: 15    God:
Gold:   141        SH:  0    Dex: 14    Spells: 5/8 levels left

rFire   . . .      SeeInvis +    j - +1 short sword
rCold   . . .      Faith    .    (no shield)
rNeg    . . .      Spirit   +    c - +0 robe
rPois   .          Reflect  .    (helmet unavailable)
rElec   .          Harm     .    (no cloak)
rCorr   .          Rampage  .    (no gloves)
Will    +....                    (no boots)
Stlth   ++........               i - amulet of guardian spirit
HPRegen 0.11/turn                (no ring)
MPRegen 0.11/turn                (no ring)

@: lethally poisoned (0 -> -5)
A: permanent stasis, dig shafts and tunnels, antennae 3, four strong arms,
strong-willed 1
a: Dig, Shaft Self


You were on level 2 of the Dungeon.
You visited 1 branch of the dungeon, and saw 2 of its levels.

You collected 141 gold pieces.

Inventory:

Hand Weapons
 a - a +1 sling
 j - a +1 short sword (weapon)
Armour
 c - a +0 robe (worn)
 e - a +0 hat
Magical Staves
 g - a staff of cold
Jewellery
 i - an amulet of guardian spirit (around neck)
Scrolls
 b - a scroll of poison
 h - a scroll of noise


   Skills:
 - Level 2.0 Fighting
 - Level 2.0 Ranged Weapons
 - Level 2.0 Dodging
 + Level 2.6 Stealth
 - Level 2.7 Spellcasting
 - Level 3.6 Hexes


You had 5 spell levels left.
You knew the following spells:

 Your Spells              Type           Power      Damage    Failure   Level
a - Slow                  Hex            48%        N/A       4%          1
b - Ensorcelled Hibernat  Hex/Ice        14%        N/A       14%         2

Your spell library contained the following spells:

 Spells                   Type           Power      Damage    Failure   Level
 Inner Flame              Hex/Fire       7%         N/A       28%         3
 Portal Projectile        Hex/Tloc       14%        N/A       28%         3
 Cause Fear               Hex            6%         N/A       43%         4
 Gell's Gravitas          Tloc           2%         N/A       52%         3
 Spider Form              Tmut/Pois      2%         N/A       52%         3
 Anguish                  Hex/Necr       3%         N/A       67%         4
 Arcjolt                  Conj/Air       1%         1d11      99%         5
 Chain Lightning          Conj/Air       1%         3d1       100%        9


Dungeon Overview and Level Annotations

Branches:
Dungeon (2/15)

Altars:


Innate Abilities, Weirdness & Mutations

You cannot be hasted, slowed, berserked, paralysed or teleported.
You can dig through walls and to a lower floor.
You have a pair of large antennae on your head. (SInv)
Your four strong arms can wield two-handed weapons with a shield.
You are strong-willed. (Will+)


Message History

The adder is severely wounded.
The adder closely misses you.
You completely miss the adder.
The adder is severely wounded.
The adder bites you.
You are poisoned.
The adder poisons you!
You barely miss the adder.
The adder is severely wounded.
You feel sick. The adder misses you.
You aren't carrying any potions.
As you read the scroll labelled UWKILU CAQAL, it crumbles to dust.
It is a scroll of enchant weapon.
Your +0 short sword glows red for a moment.
You feel sick. The adder bites you.
* * * LOW HITPOINT WARNING * * *
You are lethally poisoned!
The adder poisons you! The adder bites you.
* * * LOW HITPOINT WARNING * * *
As you read the scroll labelled CIUTHEINWAIDD, it crumbles to dust.
It is a scroll of identify.
h - a scroll of noise
* * * LOW HITPOINT WARNING * * *
You feel sick. The adder bites you but does no damage.
Okay, then.
You aren't carrying any potions.
Unknown command.
Okay, then.
You aren't carrying any potions.
Okay, then.
Okay, then.
You aren't carrying any potions.
You aren't carrying any potions.
You hit the adder.
The adder is almost dead.
* * * LOW HITPOINT WARNING * * *
You feel sick. The adder closely misses you.
You closely miss the adder.
The adder is almost dead.
You die...

#..†........#
####
#####...†..##
#... ##....##
#.## ######
########### #.#
### #.........#
#.# ..
#.#######.# #.#
#. #.# #.# #.#
#S##.##### #.#
#.# #.@......#
#.# #.##
####.###.###.#
#... #.........#
#### #####.#####
#.# #.# ##.#
##..##
####....#########


You could see an adder.

Vanquished Creatures
  3 adders (D:2)
  A worm (D:2)
  2 endoplasms (D:2)
  10 giant cockroaches
  2 goblins (D:2)
  4 hobgoblins
  2 kobolds
  2 quokkas (D:2)
  5 ball pythons
  3 bats
  A frilled lizard (D:1)
  2 rats
37 creatures vanquished.

Notes
Turn   | Place    | Note
-------+----------+-------------------------------------------
     0 | D:1      | enile the Formicid Hexslinger began the quest for the Orb.
     0 | D:1      | Reached XP level 1. HP: 15/15 MP: 2/2
   343 | D:1      | Reached XP level 2. HP: 18/22 MP: 3/3
   422 | D:1      | Got Jixaryini's Compendium of the Translocated Atmosphere
   441 | D:1      | Learned a level 2 spell: Ensorcelled Hibernation
   812 | D:2      | Reached XP level 3. HP: 27/27 MP: 0/6
  1612 | D:2      | Reached skill level 1 in Stealth
  1626 | D:2      | Reached XP level 4. HP: 19/33 MP: 6/8
  2578 | D:2      | Gained mutation: You are strong-willed. (Will+) [potion of
                  | mutation]
  2586 | D:2      | HP: 1/33 [poisoned by an adder]
  2587 | D:2      | Succumbed to an adder's poison

Illustrated notes

Levels and vault maps discovered:
D:1:      saegor_arrival_simple_a, layout_rooms, minmay_misc_feat_more_columns
D:2:      minmay_roachtagon, layout_loops_corners

Skill      XL: |  1  2  3  4 |
---------------+-------------+-----
Fighting       | 2 |  2.0
Dodging        | 2 |  2.0
Spellcasting   | 2 |  2.7
Stealth        | 1 2 |  2.6
Ranged Weapons | |  2.0
Hexes          | |  3.6

Action                   |  1- 3 |  4- 6 || total
-------------------------+-------+-------++-------
Melee: Short sword       |    88 |    64 ||   152
       Punch             |       |     2 ||     2
 Fire: Sling             |    49 |       ||    49
 Cast: Slow              |     7 |     1 ||     8
       Ensorcelled Hiber |     9 |     7 ||    16
  Use: Potion            |     1 |     3 ||     4
       Scroll            |       |     3 ||     3
 Stab: Sleeping          |     7 |     4 ||    11
Armor: Robe              |    20 |    14 ||    34
       Skin              |    19 |       ||    19
Dodge: Dodged            |    73 |    46 ||   119

Table legend: (Time is in decaauts)
 A = Elapsed time spent in this place.
 B = Non-inter-level travel time spent in this place.
 C = Inter-level travel time spent in this place.
 D = Time resting spent in this place.
 E = Time spent auto-exploring this place.
 F = Levels seen in this place.
 G = Mean time per level.
                   A        B        C        D        E       F      G
               +--------+--------+--------+--------+--------+-----+--------+
         Total |   2600 |   2556 |     44 |    171 |   1948 |   2 | 1300.0 |
       Dungeon |   2600 |   2556 |     44 |    171 |   1948 |   2 | 1300.0 |
               +--------+--------+--------+--------+--------+-----+--------+

Top non-repeatable levels by time:
     D:2: 1839 daAuts
     D:1: 761 daAuts
